 Dungeon Crawl Stone Soup version 0.29-a0-275-g389c0b56f3 (webtiles) character file.

Game seed: 5714203374740679426

374 sammy202020 the Skirmisher (level 6, -3/40 HPs)
             Began as a Gargoyle Berserker on Mar 13, 2022.
             Was an Initiate of Hepliaklqana.
             Slain by a polar bear (15 damage)
             ... created by the rage of Trog
             ... on level 5 of the Dungeon.
             The game lasted 00:07:29 (5485 turns).

sammy202020 the Skirmisher (Gargoyle Berserker)     Turns: 5485, Time: 00:07:30

Health: -3/40      AC: 16    Str: 21    XL:     6   Next: 72%
Magic:  6/6        EV:  6    Int:  4    God:    Hepliaklqana [......]
Gold:   152        SH:  6    Dex:  7    Spells: 5/5 levels left

rFire   . . .      SeeInvis .   a - +0 mace
rCold   . . .      Faith    .   r - +0 kite shield
rNeg    + . .      Spirit   .   o - +3 chain mail
rPois   ∞          Reflect  .   (no helmet)
rElec   +          Harm     .   (no cloak)
rCorr   .          Rampage  .   (no gloves)
Will    .....                   (no boots)
Stlth   ..........              g - amulet of Noevyun {Acrobat rElec Int-5 Dex-2 Slay+6}
HPRegen 0.13/turn               (no ring)
MPRegen 0.10/turn               (no ring)

@: flying, slowed, very slow
A: sickness immunity, AC +4, negative energy resistance 1, electricity
resistance, torment resistance 1, petrification resistance
a: Renounce Religion


You were on level 5 of the Dungeon.
You worshipped Hepliaklqana.
Hepliaklqana was noncommittal.
You visited 2 branches of the dungeon, and saw 6 of its levels.

You collected 152 gold pieces.

Inventory:

Hand Weapons
 a - a +0 mace (weapon)
 k - a +0 whip
Missiles
 c - 2 curare-tipped darts
 i - a throwing net (quivered)
Armour
 o - a +3 chain mail (worn)
 r - a +0 kite shield (worn)
Jewellery
 g - the amulet of Noevyun (around neck) {Acrobat rElec Int-5 Dex-2 Slay+6}
   (You found it on level 2 of the Dungeon)

   [amulet of the acrobat]

   It increases your evasion while moving and waiting.
   Int:       It affects your intelligence (-5).
   Dex:       It affects your dexterity (-2).
   Slay:      It affects your accuracy & damage with ranged weapons and melee
   (+6).
   rElec:     It insulates you from electricity.
Wands
 d - a wand of iceblast (7)
Scrolls
 e - a scroll of immolation
 h - a scroll of teleportation
 n - a scroll of vulnerability {unknown}
 q - 2 scrolls of blinking
 s - a scroll of amnesia {unknown}
 u - 2 scrolls of identify
 v - a scroll of silence {unknown}
 w - a scroll of fear {unknown}
 x - 3 scrolls of enchant weapon {unknown}
Potions
 b - a potion of ambrosia {unknown}
 f - a potion of flight
 j - a potion of heal wounds {unknown}
 l - a potion of mutation {unknown}
 m - 2 potions of curing {unknown}
 p - a potion of magic {unknown}
 t - a potion of lignification {unknown}


   Skills:
 * Level 4.9 Fighting
 * Level 4.4 Maces & Flails
 * Level 4.3 Armour
 + Level 2.5 Dodging
 * Level 1.6 Shields


You had 5 spell levels left.
You didn't know any spells.
Your spell library was empty.

Dungeon Overview and Level Annotations

Branches:
Dungeon (5/15)             Temple (1/1) D:4

Altars:
Ashenzari
Elyvilon
Fedhas
Hepliaklqana
Makhleb
Okawaru
Qazlal
Sif Muna
Trog
Uskayaw
Xom

Shops:
D:2 :!


Innate Abilities, Weirdness & Mutations

You are immune to sickness and miasma.
Your stone body is resilient. (AC +4)
You are immune to poison.
You resist negative energy. (rN+)
You are resistant to electric shocks. (rElec)
You are resistant to unholy torment.
You are immune to petrification.


Message History

Trog sends monsters to punish you.
The divine experience drains your vigour!
You feel yourself slow down. 2 polar bears and a black bear come into view.
You barely miss the orc wizard.
The orc priest hits you but does no damage.
You block the orc wizard's attack.
The orc wizard hits you but does no damage.
The orc priest hits you but does no damage.
Unknown command.
Okay, then.
You feel very buoyant.
You fly up into the air.
The polar bear rages.
The orc priest hits you but does no damage.
The orc wizard hits you but does no damage.
An adder comes into view.
The polar bear bites you! You block the polar bear's attack. x2
The black bear bites you but does no damage.
The black bear claws you but does no damage.
You block the black bear's attack.
The polar bear bites you but does no damage.
The polar bear claws you but does no damage. x2
You hit the orc wizard but do no damage.
The polar bear bites you but does no damage.
The polar bear closely misses you.
The polar bear claws you but does no damage.
The polar bear bites you.
The polar bear claws you but does no damage.
You block the polar bear's attack. The black bear closely misses you.
The black bear claws you.
The black bear claws you but does no damage.
The orc priest hits you with a +0 falchion.
The orc wizard hits you but does no damage.
The polar bear bites you but does no damage.
The polar bear claws you but does no damage.
The polar bear claws you.
* * * LOW HITPOINT WARNING * * *
The polar bear bites you!
You die...

.....######### ####.##..
..# .# #.##.# #.# ####
.# #.##.# #.# .....
.###.##.# #.# ...#$
........####.# ......
..........S..#####....#.
...#.#######...hoh......
###... #.#.o@h......
#.<# #.#.#####.... #.##
#.#.# ## .# #.#$# .#
#.#.# #.#.# #.#.#


You could see 2 polar bears, a black bear (berserk), an orc priest, an orc
wizard and an adder.

Vanquished Creatures
  A necrophage (D:4)
  2 jellies (D:4)
  A hound (D:4)
  Ijyb (D:3)
  Terence (D:3)
  5 gnolls
  4 adders
  2 worms (D:2)
  2 orcs (D:5)
  5 bats
  5 endoplasms
  2 giant cockroaches
  5 goblins
  15 hobgoblins
  3 jackals (D:3)
  8 kobolds
  4 quokkas
  4 ball pythons
  5 frilled lizards (D:1)
  4 rats
79 creatures vanquished.

Vanquished Creatures (others)
  A demonic plant (D:1)
  2 fungi (D:1)
  5 plants
  3 withered plants (D:1)
11 creatures vanquished.

Grand Total: 90 creatures vanquished

Notes
Turn   | Place    | Note
-------+----------+-------------------------------------------
     0 | D:1      | sammy202020 the Gargoyle Berserker began the quest for the
                  | Orb.
     0 | D:1      | Reached XP level 1. HP: 14/14 MP: 1/1
   317 | D:1      | Reached XP level 2. HP: 13/19 MP: 2/2
  1002 | D:1      | Reached XP level 3. HP: 14/24 MP: 3/3
  1241 | D:1      | Found a faded altar of an unknown god.
  1867 | D:2      | Identified the amulet of Noevyun {Acrobat rElec Int-5 Dex-2
                  | Slay+6}
  1932 | D:2      | Reached ** piety under Trog
  2065 | D:2      | Reached XP level 4. HP: 17/29 MP: 4/4
  2517 | D:2      | Found Jugung's Distillery.
  2599 | D:2      | Reached XP level 5. HP: 33/33 MP: 5/5
  2687 | D:2      | Found Atulenn's Book Emporium.
  3288 | D:3      | Noticed Terence
  3295 | D:3      | Killed Terence
  3653 | D:3      | Noticed Ijyb
  3665 | D:3      | Killed Ijyb
  4191 | D:4      | Reached XP level 6. HP: 30/39 MP: 6/6
  4287 | D:4      | Reached skill level 1 in Shields
  4289 | D:4      | Found a staircase to the Ecumenical Temple.
  4325 | Temple   | Entered the Ecumenical Temple
  4454 | Temple   | Fell from the grace of Trog
  4454 | Temple   | Became a worshipper of Hepliaklqana the Forgotten
  4587 | D:4      | Found a white marble altar of Elyvilon.
  5437 | D:5      | Entered Level 5 of the Dungeon
  5483 | D:5      | Noticed a polar bear
  5483 | D:5      | Noticed a polar bear
  5483 | D:5      | Noticed a black bear
  5485 | D:5      | Slain by a polar bear

Illustrated notes

Levels and vault maps discovered:
D:1:      lemuel_arrival_river_ford, layout_loops_corners,
          shapermc_ecumenical_altar_gd, eino_curves_01, minmay_misc_feat_square,
          st_stairs_9
D:2:      layout_basic, serial_shops, nicolae_shop_waterfront,
          nicolae_shop_waterfront, grunt_decor_cap, minmay_small_reverse_x
D:3:      layout_basic, grunt_decor_arrowhead, uniq_ijyb, uniq_terence
D:4:      layout_basic, lemuel_round_altar, minmay_temple_entry_glassed_door,
          serial_bayou, serial_bayou_shore_b, serial_bayou_pond_c,
          serial_bayou_pond_d, serial_bayou_ford_a
D:5:      wad_pebble_path, layout_loops_ring,
          pdpol_temple_overflow_zin_treasury_gozag_greed,
          chequers_temple_overflow_minitemple,
          mainiacjoe_overflow_large_starburst, hangedman_decor_lopped,
          uniq_eustachio, uniq_edmund, uniq_menkaure
Temple:   zaba_magenta_temple

Skill      XL: |  1  2  3  4  5  6 |
---------------+-------------------+-----
Armour         | 3 4 |  4.3
Dodging        | 2 |  2.5
Fighting       | 4 |  4.9
Maces & Flails | 4 |  4.4
Shields        | 1 |  1.6

Action                   |  1- 3 |  4- 6 || total
-------------------------+-------+-------++-------
Melee: Mace              |   112 |   149 ||   261
       Punch             |     1 |     1 ||     2
Throw: Dart              |       |     2 ||     2
Invok: Berserk           |     1 |     1 ||     2
  Use: Scroll            |       |     5 ||     5
       Potion            |       |     1 ||     1
Armor: Animal skin       |     5 |       ||     5
       Ring mail         |    36 |    24 ||    60
       Chain mail        |       |    90 ||    90
Dodge: Dodged            |    87 |    79 ||   166
Block: Kite shield       |       |    19 ||    19

Table legend: (Time is in decaauts)
 A = Elapsed time spent in this place.
 B = Non-inter-level travel time spent in this place.
 C = Inter-level travel time spent in this place.
 D = Time resting spent in this place.
 E = Time spent auto-exploring this place.
 F = Levels seen in this place.
 G = Mean time per level.
                   A        B        C        D        E       F      G
               +--------+--------+--------+--------+--------+-----+--------+
         Total |   5598 |   5540 |     58 |    210 |   4360 |   6 |  933.0 |
       Dungeon |   5453 |   5395 |     58 |    210 |   4252 |   5 | 1090.6 |
        Temple |    144 |    144 |      0 |      0 |    108 |   1 |  144.0 |
               +--------+--------+--------+--------+--------+-----+--------+

Top non-repeatable levels by time:
     D:1: 1692 daAuts
     D:2: 1649 daAuts
     D:4: 1157 daAuts
     D:3: 900 daAuts
  Temple: 144 daAuts
     D:5: 54 daAuts
